APL (24 & UNDER)
DETROIT DIRTY SNOW @ NANTUCKET ORCAS
09/16/2026
 
TOP OF THE 1ST
Detroit Dirty Snow batting - Pitching for Nantucket Orcas : LHP Ray Morgan
Pitching: LHP Ray Morgan
Batting: SHB Tim Reid 0-0: Called Strike
0-1: Ball
1-1: Ball
2-1: Ball
3-1: Called Strike
3-2: Foul Ball, location: 2F
3-2: Foul Ball, location: 2F
3-2: Foul Ball, location: 2F
3-2: Foul Ball, location: 2F
3-2: Foul Ball, location: 2F
3-2: Ground out 6-3 (Groundball, 6)
Batting: RHB Cristo Souza 0-0: Swinging Strike
0-1: Foul Ball, location: 2F
0-2: Ground out 4-3 (Groundball, 4)
Batting: LHB Eric Powell 0-0: Foul Ball, location: 2F
0-1: Ball
1-1: Foul Ball, location: 2F
1-2: Ball
2-2: Ball
3-2: SINGLE (Groundball, 34D) (infield hit)
Batting: RHB Héctor Berrios 0-0: Ball
1-0: Foul Ball, location: 2F
1-1: Ball
2-1: Foul Ball, location: 2F
2-2: Fly out, F2 (Popup, 2LF)
Top of the 1st over - 0 run(s), 1 hit(s), 0 error(s), 1 left on base; Detroit 0 - Nantucket 0
BOTTOM OF THE 1ST
Nantucket Orcas batting - Pitching for Detroit Dirty Snow : RHP John Kelly
Pitching: RHP John Kelly
Batting: RHB Ramón Díaz 0-0: Ball
1-0: Called Strike
1-1: Ball
2-1: SINGLE (Line Drive, 34D)
Batting: RHB Pepe Franco 0-0: Ball
1-0: Called Strike
1-1: Fly out, F8 (Flyball, 8RM)
Batting: RHB Roberto Canó 0-0: DOUBLE (Flyball, 7D)
Ramón Díaz to third
Runner from 3rd tries for Home, SAFE, throw made home
Batting: SHB Dan Dunn 0-0: Ball
1-0: Ball
2-0: Ball
3-0: Base on Balls
Batting: RHB Ramiro Javier 0-0: Called Strike
0-1: Ball
1-1: SINGLE (Line Drive, 3D)
Roberto Canó to third
Dan Dunn to second
Batting: RHB César Osequedo 0-0: Foul Ball, location: 2F
0-1: Fly out, F8 (Flyball, 8LM)
Runner from 3rd tags up, SCORES, no throw
Batting: RHB Anastasio Zartuche 0-0: Ball
1-0: Foul Ball, location: 2F
1-1: Ground out 6-3 (Groundball, 6)
Bottom of the 1st over - 2 run(s), 3 hit(s), 0 error(s), 2 left on base; Detroit 0 - Nantucket 2
TOP OF THE 2ND
Detroit Dirty Snow batting - Pitching for Nantucket Orcas : LHP Ray Morgan
Batting: RHB Arturo Jiménez 0-0: Foul Ball, location: 2F
0-1: Ball
1-1: Foul Ball, location: 2F
1-2: Fly out, F7 (Flyball, 7M)
Batting: RHB Charlie O'Farrell 0-0: Called Strike
0-1: Foul Ball, location: 2F
0-2: Strikes out swinging
Batting: SHB Alan Garland 0-0: Ball
1-0: Ball
2-0: Swinging Strike
2-1: Ball
3-1: Called Strike
3-2: Strikes out swinging
Top of the 2nd over - 0 run(s), 0 hit(s), 0 error(s), 0 left on base; Detroit 0 - Nantucket 2
BOTTOM OF THE 2ND
Nantucket Orcas batting - Pitching for Detroit Dirty Snow : RHP John Kelly
Batting: RHB Domingo Hernández 0-0: Called Strike
0-1: Swinging Strike
0-2: Strikes out swinging
Batting: SHB Eric Pimentel 0-0: Called Strike
0-1: Ball
1-1: Foul Ball, location: 2F
1-2: Ball
2-2: Foul Ball, location: 2F
2-2: SINGLE (Groundball, 34) (infield hit)
Batting: RHB Ramón Díaz 0-0: Fly out, F6 (Line Drive, 6)
Batting: RHB Pepe Franco 0-0: Ball
1-0: Ball
2-0: Ball
3-0: Called Strike
3-1: Base on Balls
Eric Pimentel to second
Batting: RHB Roberto Canó 0-0: Swinging Strike
0-1: Foul Ball, location: 2F
0-2: Ball
1-2: Foul Ball, location: 2F
1-2: Foul Ball, location: 2F
1-2: Foul Ball, location: 2F
1-2: Strikes out swinging
Bottom of the 2nd over - 0 run(s), 1 hit(s), 0 error(s), 2 left on base; Detroit 0 - Nantucket 2
TOP OF THE 3RD
Detroit Dirty Snow batting - Pitching for Nantucket Orcas : LHP Ray Morgan
Batting: RHB Phil Wright 0-0: Ball
1-0: Swinging Strike
1-1: Ball
2-1: Ball
3-1: Base on Balls
Batting: RHB Norm Skinner 0-0: Ball
1-0: Ball
2-0: Called Strike
2-1: Foul Ball, location: 2F
2-2: Ball
3-2: Foul Ball, location: 2F
3-2: Foul Ball, location: 2F
3-2: Fly out, F6 (Line Drive, 6)
Batting: SHB Tim Reid 0-0: Called Strike
0-1: Ball
Phil Wright is caught stealing 2nd base
1-1: Ball
2-1: Foul Ball, location: 2F
2-2: Foul Ball, location: 2F
2-2: Ball
3-2: Foul Ball, location: 2F
3-2: Foul Ball, location: 2F
3-2: Foul Ball, location: 2F
3-2: Foul Ball, location: 2F
3-2: Base on Balls
Batting: RHB Cristo Souza 0-0: Ball
1-0: Called Strike
1-1: Foul Ball, location: 2F
1-2: Foul Ball, location: 2F
1-2: Strikes out looking
Top of the 3rd over - 0 run(s), 0 hit(s), 0 error(s), 1 left on base; Detroit 0 - Nantucket 2
BOTTOM OF THE 3RD
Nantucket Orcas batting - Pitching for Detroit Dirty Snow : RHP John Kelly
Batting: SHB Dan Dunn 0-0: Ball
1-0: Ball
2-0: Foul Ball, location: 2F
2-1: Ball
3-1: Called Strike
3-2: Ground out 6-3 (Groundball, 6M)
Batting: RHB Ramiro Javier 0-0: Ball
1-0: Called Strike
1-1: Ball
2-1: Foul Ball, location: 2F
2-2: Strikes out swinging
Batting: RHB César Osequedo 0-0: Ball
1-0: Ball
2-0: Called Strike
2-1: Fly out, F6 (Line Drive, 6)
Bottom of the 3rd over - 0 run(s), 0 hit(s), 0 error(s), 0 left on base; Detroit 0 - Nantucket 2
TOP OF THE 4TH
Detroit Dirty Snow batting - Pitching for Nantucket Orcas : LHP Ray Morgan
Batting: LHB Eric Powell 0-0: Ball
1-0: Ball
2-0: Called Strike
2-1: Ball
3-1: Base on Balls
Batting: RHB Héctor Berrios 0-0: Ball
1-0: Ground out 5-3 (Groundball, 5S)
Eric Powell to second
Pitching: RHP Loeck Adriaanse
Batting: RHB Arturo Jiménez 0-0: Ball
1-0: Ball
2-0: SINGLE (Groundball, 6MD)
Eric Powell to third
Runner from 3rd tries for Home, SAFE, no throw or cutoff
Batting: RHB Charlie O'Farrell 0-0: Called Strike
Arturo Jiménez steals 2nd base
0-1: Foul Ball, location: 2F
0-2: Ball
1-2: Ball
2-2: Ball
3-2: Strikes out swinging
Batting: SHB Alan Garland 0-0: Called Strike
0-1: Foul Ball, location: 2F
0-2: Ball
1-2: Ball
2-2: Strikes out looking
Top of the 4th over - 1 run(s), 1 hit(s), 0 error(s), 1 left on base; Detroit 1 - Nantucket 2
BOTTOM OF THE 4TH
Nantucket Orcas batting - Pitching for Detroit Dirty Snow : RHP John Kelly
Batting: RHB Anastasio Zartuche 0-0: Foul Ball, location: 2F
0-1: Swinging Strike
0-2: Strikes out swinging
Batting: RHB Domingo Hernández 0-0: Called Strike
0-1: Ball
1-1: Ball
2-1: Foul Ball, location: 2F
2-2: Foul Ball, location: 2F
2-2: Ball
3-2: Fly out, F7 (Line Drive, 78S)
Batting: SHB Eric Pimentel 0-0: SINGLE (Groundball, 4MD)
Batting: RHB Ramón Díaz 0-0: Called Strike
0-1: Ball
1-1: Foul Ball, location: 2F
1-2: Fielders Choice at 2nd, U6 (Groundball, 6M)
Bottom of the 4th over - 0 run(s), 1 hit(s), 0 error(s), 1 left on base; Detroit 1 - Nantucket 2
TOP OF THE 5TH
Detroit Dirty Snow batting - Pitching for Nantucket Orcas : RHP Loeck Adriaanse
Batting: RHB Phil Wright 0-0: Ball
1-0: SINGLE (Groundball, 3D)
Batting: RHB Norm Skinner 0-0: Called Strike
0-1: Ball
1-1: Ball
2-1: Swinging Strike
2-2: Foul Ball, location: 2F
2-2: Foul Ball, location: 2F
2-2: Foul Ball, location: 2F
2-2: Foul Ball, location: 2F
2-2: Ball
3-2: Fly out, F4 (Popup, 4MD)
Batting: SHB Tim Reid 0-0: Called Strike
0-1: Called Strike
0-2: Ball
1-2: Ball
2-2: Foul Ball, location: 2F
2-2: Foul Ball, location: 2F
2-2: Foul Ball, location: 2F
2-2: Ball
3-2: Base on Balls
Phil Wright to second
Batting: RHB Cristo Souza 0-0: Fly out, F7 (Flyball, 78S)
Batting: LHB Eric Powell 0-0: Ball
1-0: Foul Ball, location: 2F
1-1: Swinging Strike
1-2: Strikes out swinging
Top of the 5th over - 0 run(s), 1 hit(s), 0 error(s), 2 left on base; Detroit 1 - Nantucket 2
BOTTOM OF THE 5TH
Nantucket Orcas batting - Pitching for Detroit Dirty Snow : RHP John Kelly
Batting: RHB Pepe Franco 0-0: Ball
1-0: Ball
2-0: Foul Ball, location: 2F
2-1: Ground out 5-3 (Groundball, 56)
Batting: RHB Roberto Canó 0-0: Foul Ball, location: 2F
0-1: Called Strike
0-2: Ball
1-2: Strikes out looking
Batting: SHB Dan Dunn 0-0: Foul Ball, location: 2F
0-1: Ball
1-1: Foul Ball, location: 2F
1-2: Ball
2-2: Foul Ball, location: 2F
2-2: Strikes out swinging
Bottom of the 5th over - 0 run(s), 0 hit(s), 0 error(s), 0 left on base; Detroit 1 - Nantucket 2
TOP OF THE 6TH
Detroit Dirty Snow batting - Pitching for Nantucket Orcas : RHP Loeck Adriaanse
Batting: RHB Héctor Berrios 0-0: Ball
1-0: SINGLE (Groundball, 56D) (infield hit)
Batting: RHB Arturo Jiménez 0-0: Grounds into double play, 4-6-3 (Groundball, 4)
Batting: RHB Charlie O'Farrell 0-0: Ball
1-0: Called Strike
1-1: Swinging Strike
1-2: Ball
2-2: Ground out 6-3 (Groundball, 6)
Top of the 6th over - 0 run(s), 1 hit(s), 0 error(s), 0 left on base; Detroit 1 - Nantucket 2
BOTTOM OF THE 6TH
Nantucket Orcas batting - Pitching for Detroit Dirty Snow : RHP John Kelly
Pitching: RHP Carl Thomas
Batting: RHB Ramiro Javier 0-0: Ball
1-0: Foul Ball, location: 2F
1-1: Foul Ball, location: 2F
1-2: Strikes out looking
Batting: RHB César Osequedo 0-0: Ball
1-0: Ball
2-0: Ball
3-0: Base on Balls
Batting: RHB Anastasio Zartuche 0-0: Called Strike
0-1: Foul Ball, location: 2F
0-2: Foul Ball, location: 2F
0-2: Strikes out swinging
Batting: RHB Domingo Hernández 0-0: Ball
César Osequedo is caught stealing 2nd base
Bottom of the 6th over - 0 run(s), 0 hit(s), 0 error(s), 0 left on base; Detroit 1 - Nantucket 2
TOP OF THE 7TH
Detroit Dirty Snow batting - Pitching for Nantucket Orcas : RHP Loeck Adriaanse
Pitching: RHP Kade Coleman
Batting: SHB Alan Garland 0-0: Swinging Strike
0-1: Ball
1-1: Ball
2-1: Ball
3-1: Base on Balls
Batting: RHB Phil Wright 0-0: Ball
Alan Garland steals 2nd base
1-0: Ball
2-0: Ball
3-0: SINGLE (Groundball, 6MD)
Alan Garland to third
Batting: RHB Norm Skinner 0-0: Ball
1-0: Foul Ball, location: 2F
1-1: Foul Ball, location: 2F
1-2: Strikes out swinging
Batting: SHB Tim Reid 0-0: Swinging Strike
0-1: Called Strike
0-2: Ball
1-2: Reached on Error, E8 (Flyball, 8LM)
Alan Garland scores
Phil Wright to second
Batting: RHB Cristo Souza 0-0: DOUBLE (Line Drive, 8LS)
Phil Wright scores
Tim Reid to third
Batting: LHB Eric Powell 0-0: Intentional Walk
Batting: RHB Héctor Berrios 0-0: Ball
1-0: Foul Ball, location: 2F
1-1: Ball
2-1: Called Strike
2-2: SINGLE (Line Drive, 78S)
Tim Reid scores
Cristo Souza to third
Eric Powell to second
Batting: RHB Arturo Jiménez 0-0: Called Strike
0-1: Ball
1-1: SINGLE (Line Drive, 6MD)
Cristo Souza scores
Eric Powell to third
Héctor Berrios to second
Runner from 3rd tries for Home, SAFE, no throw or cutoff
Pitching: RHP Sean Flynn
Batting: RHB Charlie O'Farrell 0-0: Ball
1-0: Ball
2-0: Called Strike
2-1: Ball
3-1: Base on Balls
Héctor Berrios to third
Arturo Jiménez to second
Batting: SHB Alan Garland 0-0: Ball
1-0: Ball
2-0: Ball
3-0: Base on Balls
Héctor Berrios scores
Arturo Jiménez to third
Charlie O'Farrell to second
Batting: RHB Phil Wright 0-0: Swinging Strike
0-1: Ball
1-1: Swinging Strike
1-2: Ball
2-2: Strikes out swinging
Batting: RHB Norm Skinner 0-0: Called Strike
0-1: Foul Ball, location: 2F
0-2: Strikes out swinging
Top of the 7th over - 6 run(s), 4 hit(s), 1 error(s), 3 left on base; Detroit 7 - Nantucket 2
BOTTOM OF THE 7TH
Nantucket Orcas batting - Pitching for Detroit Dirty Snow : RHP Carl Thomas
Batting: RHB Domingo Hernández 0-0: Called Strike
0-1: Called Strike
0-2: Fly out, F7 (Flyball, 7LD)
Batting: SHB Eric Pimentel 0-0: SOLO HOME RUN (Flyball, 7D), Distance : 362 ft
Batting: RHB Ramón Díaz 0-0: SINGLE (Groundball, 6MD)
Batting: RHB Pepe Franco 0-0: Ball
1-0: Fly out, F8 (Flyball, 8RM)
Batting: RHB Roberto Canó 0-0: Called Strike
0-1: Ball
1-1: Ground out 1-3 (Groundball, 13)
Bottom of the 7th over - 1 run(s), 2 hit(s), 0 error(s), 1 left on base; Detroit 7 - Nantucket 3
TOP OF THE 8TH
Detroit Dirty Snow batting - Pitching for Nantucket Orcas : RHP Sean Flynn
Batting: SHB Tim Reid 0-0: Ball
1-0: Ball
2-0: Called Strike
2-1: Ball
3-1: Base on Balls
Batting: RHB Cristo Souza 0-0: Foul Ball, location: 2F
0-1: Sac Bunt - play at first, batter OUT! 5-4
Tim Reid to second
Batting: LHB Eric Powell 0-0: Intentional Walk
Pitching: RHP Mathew Wilcox
Batting: RHB Héctor Berrios 0-0: Foul Ball, location: 2F
0-1: Grounds into double play, 6-4-3 (Groundball, 6)
Top of the 8th over - 0 run(s), 0 hit(s), 0 error(s), 1 left on base; Detroit 7 - Nantucket 3
BOTTOM OF THE 8TH
Nantucket Orcas batting - Pitching for Detroit Dirty Snow : RHP Carl Thomas
Pitching: RHP Paul McFadden
Batting: SHB Dan Dunn 0-0: Ball
1-0: Called Strike
1-1: Called Strike
1-2: Foul Ball, location: 2F
1-2: Ground out U3 (Groundball, 3)
Batting: RHB Ramiro Javier 0-0: Called Strike
0-1: Ball
1-1: Ball
2-1: Ball
3-1: Base on Balls
Batting: RHB César Osequedo 0-0: Called Strike
0-1: Ball
1-1: Foul Ball, location: 2F
1-2: Ball
2-2: Strikes out swinging
Batting: RHB Anastasio Zartuche 0-0: Called Strike
0-1: Ball
1-1: Fly out, F7 (Flyball, 78M)
Bottom of the 8th over - 0 run(s), 0 hit(s), 0 error(s), 1 left on base; Detroit 7 - Nantucket 3
TOP OF THE 9TH
Detroit Dirty Snow batting - Pitching for Nantucket Orcas : RHP Mathew Wilcox
Batting: RHB Arturo Jiménez 0-0: Called Strike
0-1: Ball
1-1: Foul Ball, location: 2F
1-2: Ball
2-2: Foul Ball, location: 2F
2-2: Foul Ball, location: 2F
2-2: Foul Ball, location: 2F
2-2: Ball
3-2: Foul Ball, location: 2F
3-2: Foul Ball, location: 2F
3-2: Base on Balls
Batting: RHB Charlie O'Farrell 0-0: Called Strike
0-1: Ball
Arturo Jiménez is caught stealing 2nd base
1-1: Called Strike
1-2: Fly out, F5 (Popup, 15S)
Batting: SHB Alan Garland 0-0: Called Strike
0-1: Foul Ball, location: 2F
0-2: Ball
1-2: Ball
2-2: Foul Ball, location: 2F
2-2: Ball
3-2: Base on Balls
Batting: RHB Phil Wright Pickoff Throw to First - Out!
Top of the 9th over - 0 run(s), 0 hit(s), 0 error(s), 0 left on base; Detroit 7 - Nantucket 3
BOTTOM OF THE 9TH
Nantucket Orcas batting - Pitching for Detroit Dirty Snow : RHP Paul McFadden
Batting: RHB Domingo Hernández 0-0: Ball
1-0: Foul Ball, location: 2F
1-1: Ball
2-1: Ball
3-1: Foul Ball, location: 2F
3-2: Foul Ball, location: 2F
3-2: Base on Balls
Batting: SHB Eric Pimentel 0-0: Called Strike
0-1: Ball
1-1: Ball
2-1: Ball
3-1: Foul Ball, location: 2F
3-2: Foul Ball, location: 2F
3-2: SINGLE (Line Drive, 78M)
Domingo Hernández to second
Pitching: RHP George Burks
Batting: RHB Ramón Díaz 0-0: Swinging Strike
0-1: Swinging Strike
0-2: Ball
1-2: Strikes out swinging
Batting: RHB Pepe Franco 0-0: Called Strike
0-1: Foul Ball, location: 2F
0-2: Strikes out swinging
Batting: RHB Roberto Canó 0-0: Called Strike
0-1: Ball
1-1: Ball
2-1: Foul Ball, location: 2F
2-2: Strikes out swinging
Bottom of the 9th over - 0 run(s), 1 hit(s), 0 error(s), 2 left on base; Detroit 7 - Nantucket 3
Monday, December 5th, 2016 - OOTP Baseball 17.12 Build 75